 Dungeon Sprint DCSS version 0.27-a0-277-g024f7ef292 (webtiles) character file.

Game seed: 15339308930648674948

5669 mhtbhm the Severer (level 10, -14/150 HPs)
             Began as a Minotaur Fighter on Feb 7, 2021.
             Was a High Priest of Trog.
             Killed from afar by an Ice Fiend (19 damage)
             ... with a bolt of cold
             ... in the Dungeon (Sprint VII: "The Pits").
             The game lasted 00:02:55 (2154 turns).

mhtbhm the Severer (Minotaur Fighter)               Turns: 2154, Time: 00:02:56

Health: -14/150    AC: 18    Str: 26    XL:     10   Next: 47%
Magic:  9/9        EV: 14    Int:  5    God:    Trog [*****.]
Gold:   0          SH: 13    Dex: 11    Spells: 9/9 levels left

rFire    . . .     SeeInvis .   a - +2 war axe (freeze)
rCold    . . .     Faith    .   c - +0 kite shield
rNeg     . . .     Spirit   .   b - +4 chain mail
rPois    .         Reflect  .   (helmet restricted)
rElec    .         Harm     .   (no cloak)
rCorr    .         Rampage  .   q - +0 pair of gloves
Will     .....     NoTele   +   (no boots)
Stlth    ..........             (no amulet)
HPRegen  0.35/turn              p - +3 ring of strength
MPRegen  0.11/turn              o - +3 ring of evasion

@: berserking, very quick
A: retaliatory headbutt, horns 2
a: Renounce Religion, Berserk, Trog's Hand, Brothers in Arms


You were in the Dungeon.
You worshipped Trog.
Trog was extremely pleased with you.
You visited 1 branch

Inventory:

Hand Weapons
 a - a +2 war axe of freezing (weapon)
Missiles
 r - 8 curare-tipped darts (quivered)
Armour
 b - a +4 chain mail (worn)
 c - a +0 kite shield (worn)
 q - a +0 pair of gloves (worn)
Jewellery
 o - a +3 ring of evasion (right hand)
 p - a +3 ring of strength (left hand)
Wands
 n - a wand of flame (9)
Scrolls
 j - a scroll of blinking
 l - 3 scrolls of remove curse
 m - a scroll of summoning
Potions
 d - 3 potions of might
 e - 9 potions of curing
 f - 4 potions of heal wounds
 g - 2 potions of haste
 h - 4 potions of magic
 i - 5 potions of berserk rage
 k - 2 potions of invisibility


   Skills:
 + Level 12.9 Fighting
 + Level 16.3 Axes
 + Level 14.3 Armour
 + Level 6.4 Dodging
 + Level 2.5 Stealth
 + Level 13.4 Shields
 + Level 1.2 Evocations


You had 9 spell levels left.
You didn't know any spells.
Your spell library was empty.

Dungeon Overview and Level Annotations

Branches:
Dungeon (1/1)

Altars:
Ashenzari
Cheibriados
Dithmenos
Elyvilon
Fedhas
Gozag
Hepliaklqana
Kikubaaqudgha
Makhleb
Nemelex Xobeh
Okawaru
Qazlal
Ru
Sif Muna
Trog
Uskayaw
Vehumet
Wu Jian
Xom
Yredelemnul
Zin
The Shining One
Beogh
Jiyva
Lugonu


Innate Abilities, Weirdness & Mutations

You reflexively headbutt those who attack you in melee.
You have a pair of horns on your head.


Message History

An Ice Fiend comes into view.
The Ice Fiend roars!
The Ice Fiend calls on the powers of darkness!
Your body is wracked with pain!
You close the large door.
An Ice Fiend opens the large door.
There is a large open door to the Hallway of Sentries (Extremely Hard) here.
A red film seems to cover your vision as you go berserk!
You feel yourself moving faster!
You feel mighty! The Ice Fiend claws you! The Ice Fiend freezes you!!!
* * * LOW HITPOINT WARNING * * *
The Ice Fiend claws you.
* * * LOW HITPOINT WARNING * * *
The Ice Fiend freezes you!!
* * * LOW HITPOINT WARNING * * *
Unknown command.
You slash the Ice Fiend!
The Ice Fiend is lightly wounded.
The Ice Fiend gestures at you. The bolt of cold hits you!!
You die...

#+# #.# #1#
################@#
.................#
.......).......).#
+##############.)#
#..# #..# #..#
#..# #..#


You could see an Ice Fiend.

Vanquished Creatures
  A death knight (D)
  Sonja (D)
  A shadow wraith (D)
  An iron troll (D)
  A flayed ghost (D)
  A tyrant leech (D)
  4 slime creatures (D)
  A shadow (D)
  2 wraiths (D)
  A basilisk (D)
  A floating eye (D)
  3 hell hounds (D)
  A sky beast (D)
  A black bear (D)
  An ogre (D)
  Blork the orc (D)
  A scorpion (D)
  A small abomination (D)
  A quasit (D)
  An orc priest (D)
  A gnoll shaman (D)
  A mummy (D)
  5 gnolls (D)
  A white imp (D)
  An ooze (D)
  An adder skeleton (D)
  5 orcs (D)
  A bat (D)
  A bat zombie (D)
  2 giant cockroaches (D)
  2 hobgoblins (D)
  A quokka (D)
  2 frilled lizards (D)
50 creatures vanquished.

Vanquished Creatures (collateral kills)
  An efreet (D)
1 creature vanquished.

Vanquished Creatures (others)
  An unseen horror (D)
1 creature vanquished.

Grand Total: 52 creatures vanquished

Notes
Turn   | Place    | Note
-------+----------+-------------------------------------------
     0 | D        | mhtbhm the Minotaur Fighter began the quest for the Orb.
     0 | D        | Reached XP level 1. HP: 19/19 MP: 0/0
    19 | D        | Found a bloodstained altar of Trog.
    19 | D        | Found a shimmering blue altar of Sif Muna.
    19 | D        | Found a viscous altar of Jiyva.
    19 | D        | Found a hazy altar of Hepliaklqana.
    19 | D        | Found an opulent altar of Gozag.
    20 | D        | Found a glowing golden altar of the Shining One.
    20 | D        | Found a glowing silver altar of Zin.
    20 | D        | Found a basalt altar of Yredelemnul.
    20 | D        | Found a shimmering altar of Xom.
    20 | D        | Found an ornate altar of the Wu Jian Council.
    20 | D        | Found a sacrificial altar of Ru.
    20 | D        | Found a stormy altar of Qazlal.
    20 | D        | Found an iron altar of Okawaru.
    20 | D        | Found a sparkling altar of Nemelex Xobeh.
    20 | D        | Found a burning altar of Makhleb.
    20 | D        | Found a blossoming altar of Fedhas.
    20 | D        | Found a white marble altar of Elyvilon.
    20 | D        | Found a shadowy altar of Dithmenos.
    20 | D        | Found a snail-covered altar of Cheibriados.
    22 | D        | Found a radiant altar of Vehumet.
    22 | D        | Found a corrupted altar of Lugonu.
    22 | D        | Found a roughly hewn altar of Beogh.
    24 | D        | Found an ancient bone altar of Kikubaaqudgha.
    24 | D        | Found a hide-covered altar of Uskayaw.
    24 | D        | Found a broken altar of Ashenzari.
    28 | D        | Became a worshipper of Trog the Wrathful
    76 | D        | Reached * piety under Trog
    90 | D        | Reached ** piety under Trog
    91 | D        | Reached skill level 3 in Axes
    91 | D        | Reached XP level 2. HP: 26/28 MP: 1/1
    92 | D        | Reached skill level 5 in Armour
   158 | D        | Noticed a black bear
   158 | D        | Noticed an ogre
   159 | D        | Noticed a floating eye
   164 | D        | Reached skill level 5 in Fighting
   164 | D        | Reached skill level 5 in Shields
   164 | D        | Paralysed by a floating eye for 4 turns
   172 | D        | Reached *** piety under Trog
   172 | D        | Paralysed by a floating eye for 3 turns
   173 | D        | Reached skill level 4 in Axes
   173 | D        | Reached skill level 1 in Dodging
   173 | D        | Reached XP level 3. HP: 37/37 MP: 2/2
   178 | D        | Paralysed by a floating eye for 2 turns
   180 | D        | Killed a floating eye
   181 | D        | Reached skill level 5 in Axes
   181 | D        | Reached XP level 4. HP: 18/47 MP: 3/3
   181 | D        | Reached XP level 5. HP: 20/52 MP: 4/4
   187 | D        | Killed a black bear
   187 | D        | Reached **** piety under Trog
   188 | D        | Reached skill level 6 in Axes
   191 | D        | Reached XP level 6. HP: 41/61 MP: 5/5
   195 | D        | Reached skill level 7 in Axes
   224 | D        | Reached ***** piety under Trog
   231 | D        | Reached skill level 8 in Axes
   241 | D        | Noticed a sky beast
   241 | D        | Noticed Blork the orc
   246 | D        | Killed Blork the orc
   255 | D        | Killed a sky beast
   256 | D        | Reached skill level 9 in Axes
   256 | D        | Reached skill level 10 in Shields
   256 | D        | Reached XP level 7. HP: 20/70 MP: 6/6
   493 | D        | Received a gift from Trog
   495 | D        | Reached skill level 5 in Dodging
   499 | D        | Reached skill level 10 in Axes
   499 | D        | Reached skill level 10 in Armour
   508 | D        | Reached ****** piety under Trog
   511 | D        | Received a gift from Trog
   673 | D        | Noticed a tyrant leech
   673 | D        | Noticed a shadow
   684 | D        | Killed a shadow
   685 | D        | Reached skill level 11 in Axes
   685 | D        | Reached XP level 8. HP: 37/79 MP: 7/7
   687 | D        | Killed a tyrant leech
   688 | D        | Reached skill level 10 in Fighting
   976 | D        | Killed a shadow wraith
   977 | D        | Reached skill level 12 in Axes
   977 | D        | Reached skill level 1 in Stealth
   979 | D        | Reached skill level 13 in Axes
   979 | D        | Reached XP level 9. HP: 70/86 MP: 8/8
  1193 | D        | Received a gift from Trog
  1291 | D        | Noticed Sonja
  1292 | D        | Noticed an iron troll
  1311 | D        | Killed an iron troll
  1312 | D        | Reached skill level 14 in Axes
  1320 | D        | Killed Sonja
  1552 | D        | Noticed an efreet
  1554 | D        | Killed an unseen horror
  1555 | D        | Reached skill level 15 in Axes
  1562 | D        | Killed an efreet
  1840 | D        | Noticed a death knight
  1840 | D        | Noticed a flayed ghost
  1850 | D        | Killed a death knight
  1851 | D        | Reached XP level 10. HP: 36/99 MP: 9/9
  1854 | D        | Received a gift from Trog
  1854 | D        | HP: 5/148 [slime creature (6)]
  1855 | D        | Reached skill level 1 in Evocations
  1857 | D        | Reached skill level 16 in Axes
  1858 | D        | Killed a flayed ghost
  2150 | D        | Noticed an Ice Fiend
  2153 | D        | HP: 4/150 [Ice Fiend (19)]
  2154 | D        | Killed from afar by an Ice Fiend

Illustrated notes

Levels and vault maps discovered:
D:        pitsprint [storerooms_1, entrance_room_1, metal_vault_4, armoury_1,
          mini_pit_1, grid_room_1, main_hall_1, silver_pit, the_coven_1,
          the_vestibule_1, steel_vault_5, golden_pit, hallway_of_sentries,
          crystal_vault_4, iron_vault_4, final_vault]

Skill      XL: |  1  2  3  4  5  6  7  8  9 10 |
---------------+-------------------------------+-----
Armour         | 4 5 7 8 9 10 11 13 14 | 14.3
Fighting       | 4 5 7 8 9 10 12 | 12.9
Shields        | 4 5 7 8 10 11 12 13 | 13.4
Axes           | 3 4 5 6 9 11 13 15 16 | 16.3
Dodging        | 1 2 3 4 5 6 |  6.4
Stealth        | 1 2 |  2.5
Evocations     | 1 |  1.2

Action                   |  1- 3 |  4- 6 |  7- 9 | 10-12 || total
-------------------------+-------+-------+-------+-------++-------
Melee: Hand axe          |    29 |    35 |    18 |       ||    82
       Headbutt          |     8 |     6 |    15 |     2 ||    31
       War axe           |     1 |       |    55 |     9 ||    65
Invok: Berserk           |     1 |       |     7 |     1 ||     9
       Brothers in Arms  |       |       |     1 |       ||     1
Evoke: Wand              |       |       |     2 |       ||     2
  Use: Potion            |       |     2 |     2 |       ||     4
Armor: Scale mail        |     8 |       |       |       ||     8
       Chain mail        |    23 |    20 |    30 |       ||    73
Dodge: Dodged            |     8 |    16 |    17 |       ||    41
Block: Kite shield       |    22 |    29 |    29 |     1 ||    81

Table legend: (Time is in decaauts)
 A = Elapsed time spent in this place.
 B = Non-inter-level travel time spent in this place.
 C = Inter-level travel time spent in this place.
 D = Time resting spent in this place.
 E = Time spent auto-exploring this place.
 F = Levels seen in this place.
 G = Mean time per level.
                   A        B        C        D        E       F      G
               +--------+--------+--------+--------+--------+-----+--------+
         Total |   2246 |   2246 |      0 |   1662 |     91 |   1 | 2246.0 |
       Dungeon |   2246 |   2246 |      0 |   1662 |     91 |   1 | 2246.0 |
               +--------+--------+--------+--------+--------+-----+--------+

Top non-repeatable levels by time:
       D: 2246 daAuts
